 Dungeon Crawl Stone Soup version 0.29.0-4-gdea44cf6ec (webtiles) character file.

Game seed: 14366035071679772559

96119 qw the Severer (level 15, -15/147 HPs)
             Began as a Minotaur Berserker on Sept 6, 2022.
             Was a High Priest of Trog.
             Demolished by an orc knight
             ... wielding a +3 long sword
              (24 damage)
             ... on level 2 of the Orcish Mines.
             The game lasted 00:09:57 (27376 turns).

qw the Severer (Minotaur Berserker)                Turns: 27376, Time: 00:09:58

Health: -15/147    AC: 29    Str: 33    XL:     15   Next: 68%
Magic:  14/14      EV: 10    Int:  6    God:    Trog [*****.]
Gold:   1281       SH: 13    Dex: 11    Spells: 14/14 levels left

rFire   . . .      SeeInvis +   d - +2 broad axe (spect)
rCold   . . .      Faith    .   x - +0 kite shield
rNeg    . . .      Spirit   .   u - +0 plate armour
rPois   +          Reflect  .   g - +3 crown of Dyrovepreva {rElec Int+2 SInv}
rElec   +          Harm     .   k - +2 cloak {rCorr}
rCorr   +          Rampage  .   s - +1 pair of gloves "Opniucyt" {Contam Str+5 SInv Stlth+}
Will    +++..                   e - +2 pair of boots
Stlth   ..........              p - amulet of regeneration
HPRegen 2.14/turn               c - ring of poison resistance
MPRegen 0.14/turn               (no ring)

@: about to teleport, strong-willed, on berserk cooldown, regenerating, slowed,
very slow
A: horns 2, retaliatory headbutt
a: Renounce Religion, Berserk, Trog's Hand, Brothers in Arms


You were on level 2 of the Orcish Mines.
You worshipped Trog.
Trog was extremely pleased with you.
You visited 3 branches of the dungeon, and saw 22 of its levels.
You also visited: Sewer.

You collected 2418 gold pieces.
You spent 1137 gold pieces at shops.


Innate Abilities, Weirdness & Mutations

You have a pair of horns on your head.
You reflexively headbutt those who attack you in melee.


   Skills:
 - Level 17.0 Fighting
 - Level 18.0 Axes
 - Level 7.0 Throwing
 - Level 15.0 Armour
 - Level 7.1 Dodging
 + Level 15.1 Shields


You had 14 spell levels left.
You didn't know any spells.
Your spell library was empty.

Inventory:

Hand Weapons
 d - a +2 spectral broad axe (weapon)
 z - a +2 hand axe of flaming
Missiles
 f - 2 boomerangs (quivered)
Armour
 e - a +2 pair of boots (worn)
 g - the +3 crown of Dyrovepreva (worn) {rElec Int+2 SInv}
   (You acquired it on level 2 of the Dungeon)

   Int:       It affects your intelligence (+2).
   rElec:     It insulates you from electricity.
   SInv:      It lets you see invisible.
 k - a +2 cloak of preservation (worn)
 n - a +0 plate armour of positive energy
 r - a +2 scale mail of fire resistance
 s - the +1 pair of gloves "Opniucyt" (worn) {Contam Str+5 SInv Stlth+}
   (You acquired it on level 3 of the Lair of Beasts)

   Str:       It affects your strength (+5).
   SInv:      It lets you see invisible.
   Contam:    It causes magical contamination when unequipped.
   Stlth:     It makes you more stealthy.
 u - a +0 plate armour (worn)
 x - a +0 kite shield (worn)
Jewellery
 c - a ring of poison resistance (left hand)
 p - an amulet of regeneration (around neck)
 t - a ring of poison resistance
 w - a ring of fire
Wands
 o - a wand of digging (7)
Scrolls
 a - 7 scrolls of identify
 j - 9 scrolls of teleportation
Potions
 b - 10 potions of might
 h - 7 potions of heal wounds
 i - 6 potions of mutation
 l - 6 potions of curing
 m - a potion of cancellation
 q - 2 potions of resistance
 v - 4 potions of haste

Dungeon Overview and Level Annotations

Branches:
Dungeon (15/15)            Temple (0/1) D:5            Lair (5/5) D:9
  Swamp (0/4) Lair:2        Snake (0/4) Lair:2        Slime (0/5) Lair:4
    Orc (2/2) D:10            Elf (0/3) Orc:2        Vaults (0/5) D:13
 Depths (0/4) D:15          Sewer (visited)

Altars:
Ashenzari
Dithmenos
Hepliaklqana
Kikubaaqudgha
Qazlal
Zin
The Shining One
Jiyva

Shops:
D:8 !   D:12 [   D:13 (   Orc:2 **!

Portals:
Trove: D:11 (give +3 shadow dragon scales)

Annotations:
D:3 1 runed translucent door, Crazy Yiuf
Lair:2 2 transporters, qw's ghost, journeyman TrCA


Message History

The orc knight hits you from afar with a +0 halberd!
The orc sorcerer barely misses you.
The orc high priest mumbles some strange prayers to Beogh against you.
Beogh smites you!
An orc sorcerer comes into view. It is wielding a +0 dagger.
You slice the orc sorcerer!!
The orc sorcerer is severely wounded.
You slash the orc knight!
You are no longer berserk.
You are exhausted.
You feel yourself slow down.
27374 ||| INVOKING Trog's Hand.
Your skin crawls.
You feel strong-willed. You block the orc knight's attack.
The orc knight roars a battlecry!
The orcs go into a battle-frenzy!
The orc sorcerer casts a spell.
The orc sorcerer mumbles some strange words.
The orc sorcerer points at you and mumbles some strange words.
The bolt of fire hits you!!
The orc knight hits you with a +3 long sword!!
The orc knight hits you from afar with a +0 halberd.
You hear a shout!
27375 ||| INVOKING Brothers in Arms.
You fail to use your ability.
The orc knight hits you from afar with a +0 halberd!
The orc sorcerer hits you with a +0 vampiric dagger.
An orc high priest comes into view. It is wielding a +0 scimitar.
You block the orc knight's attack.
27376 ||| READING 10 scrolls of teleportation.
As you read the scroll of teleportation, it crumbles to dust.
You feel strangely unstable. The orc knight barely misses you.
You block the orc sorcerer's attack.
The orc knight hits you but does no damage.
An orc high priest comes into view. It is wielding a +0 long sword.
The orc high priest mumbles some strange prayers to Beogh against you.
Beogh smites you!
The orc sorcerer hits you but does no damage.
The orc knight hits you but does no damage.
The orc knight hits you with a +3 long sword!!
You die...

###..###...#
###.#....# #.
##))###).)##
##....## #.
#.)###..)##.#
.###.....# ..
.)))))..##.o.#
..###.#.## ..)#)).##
#..# ...######
.#.)))## #..##.#.##
...))## #4o.....##
.#.)## ##o#.....#
.....## #oo@)...#
.#....## #.o##)#.##
...#...## #.o##...#
........##.4.##)).##
#..###...##.##)..##
##..###..)###.).##
##..###...#...##
##).###.#)#.##
##..###...##


You could see 2 orc knights, 3 orc high priests, 2 ice devils and 2 orc
sorcerers.

Vanquished Creatures
  Roxanne (D:14)
  Kirke (D:13)
  A stone giant (D:15)
  Nessos (Orc:2)
  13 hydras
  8 vault guards (D:13)
  3 boulder beetles
  A demonspawn (Orc:2)
  2 death knights
  A catoblepas (Lair:5)
  6 centaur warriors
  Erica (Lair:2)
  5 death yaks (D:9)
  2 two-headed ogres
  A tengu warrior (D:15)
  3 orc high priests (Orc:2)
  Sonja (D:13)
  7 skeletal warriors (D:13)
  A fire crab (shapeshifter) (D:15)
  2 deep trolls (D:15)
  A wizard (D:14)
  2 phantasmal warriors (D:14)
  5 orc knights
  A necromancer (D:15)
  Pikel (D:6)
  An oklob plant (Lair:5)
  2 orc sorcerers (Orc:2)
  6 cyclopes
  Maurice (D:13)
  6 elephants (Lair:2)
  8 black mambas
  2 ugly things
  A smoke demon (Orc:2)
  2 rime drakes
  An orange demon (Orc:2)
  8 cane toads
  Maggie (D:6)
  A yaktaur (D:15)
  A freezing wraith (D:14)
  7 komodo dragons
  2 kobold demonologists (D:14)
  An ice devil (Orc:2)
  3 trolls
  3 meliai (D:13)
  2 hornets
  5 blink frogs (Lair:4)
  Grinder (D:3)
  11 polar bears
  A raiju (shapeshifter) (D:8)
  2 raiju (Lair:5)
  18 slime creatures
  A centaur simulacrum (D:15)
  2 shadows
  A vampire (D:11)
  Sigmund (D:6)
  2 wyverns (D:8)
  31 yaks
  2 wraiths
  4 water elementals (D:15)
  7 basilisks
  4 hogs (D:13)
  9 vampire mosquitoes
  A steam dragon (D:8)
  15 hell hounds (Lair:5)
  3 nagas (Lair:2)
  5 wargs
  Edmund (D:4)
  4 acid dragons
  21 water moccasins
  Pargi (Sewer)
  33 orc warriors
  4 sky beasts (D:8)
  11 black bears (Lair:5)
  12 centaurs
  3 ogres
  29 wolves
  4 lemures (D:6)
  3 phantoms
  3 kobold brigands
  Blork the orc (D:6)
  12 bullfrogs
  3 gnoll sergeants
  A necrophage (D:7)
  2 scorpions
  17 wights
  7 killer bees
  3 howler monkeys
  6 electric eels (D:6)
  9 hounds
  16 jellies
  25 orc priests
  Ijyb (D:3)
  Terence (D:3)
  7 iguanas
  12 orc wizards
  22 gnolls
  11 adders
  2 shadow imps
  4 white imps
  4 worms
  4 dart slugs
  61 orcs
  8 ball pythons
  7 endoplasms
  6 giant cockroaches
  8 goblins
  8 hobgoblins
  8 jackals
  A quokka (D:1)
  10 bats
  4 frilled lizards (D:1)
  14 kobolds
  6 rats
696 creatures vanquished.

Vanquished Creatures (collateral kills)
  A hydra (D:12)
  A cane toad (Lair:5)
  A polar bear (Lair:5)
  A vampire mosquito (D:8)
  A water moccasin (Lair:1)
  3 wolves (Lair:5)
8 creatures vanquished.

Vanquished Creatures (others)
  A wizard (D:15)
  21 fungi
  67 plants
  2 withered plants (D:3)
91 creatures vanquished.

Grand Total: 795 creatures vanquished

Notes
Turn   | Place    | Note
-------+----------+-------------------------------------------
     0 | D:1      | qw the Minotaur Berserker began the quest for the Orb.
     0 | D:1      | Reached XP level 1. HP: 19/19 MP: 0/0
     0 | D:1      | 0 ||| qw: Version: 0.1-a-108-g9e35731
     0 | D:1      | 0 ||| qw: Game counter: 6321
     0 | D:1      | 0 ||| qw: Always use a shield: true
     0 | D:1      | 0 ||| qw: Do Orc after D:15 true
     0 | D:1      | 0 ||| qw: Do second Lair branch before Depths: true
     0 | D:1      | 0 ||| qw: Lair rune preference: random
     0 | D:1      | 0 ||| qw: Plans: Normal
     0 | D:1      | 0 ||| PLANNING D:1-11
     9 | D:1      | 9 ||| Stepping ~*~*~tactically~*~*~ (stealth).
    13 | D:1      | 13 ||| INVOKING Berserk.
    13 | D:1      | HP: 7/28 [giant cockroach (1)]
   302 | D:1      | 302 ||| INVOKING Berserk.
   304 | D:1      | Reached skill level 4 in Axes
   572 | D:1      | 572 ||| Stepping ~*~*~tactically~*~*~ (stealth).
   574 | D:1      | 574 ||| Stepping ~*~*~tactically~*~*~ (stealth).
   584 | D:1      | Reached XP level 2. HP: 19/26 MP: 1/1
   799 | D:1      | 799 ||| Stepping ~*~*~tactically~*~*~ (hiding).
  1074 | D:1      | Reached skill level 5 in Axes
  1333 | D:1      | 1333 ||| Stepping ~*~*~tactically~*~*~ (stealth).
  1337 | D:1      | 1337 ||| Stepping ~*~*~tactically~*~*~ (stealth).
  1338 | D:1      | 1338 ||| Stepping ~*~*~tactically~*~*~ (stealth).
  1341 | D:1      | 1341 ||| Stepping ~*~*~tactically~*~*~ (stealth).
  1343 | D:1      | 1343 ||| Stepping ~*~*~tactically~*~*~ (stealth).
  1348 | D:1      | Reached XP level 3. HP: 31/31 MP: 2/2
  1352 | D:1      | 1352 ||| Stepping ~*~*~tactically~*~*~ (stealth).
  1562 | D:1      | 1562 ||| UPGRADING to +0 ring mail.
  1572 | D:1      | 1572 ||| DROPPING +0 animal skin.
  1573 | D:1      | 1573 ||| DROPPING amulet of magic regeneration.
  1574 | D:1      | 1574 ||| READING 3 scrolls labelled LEMMO UNERE.
  1575 | D:1      | 1575 ||| READING 2 scrolls labelled YSKUAP GOAFOCK.
  1576 | D:1      | 1576 ||| READING scroll labelled ZEAP ADOEMEUJUM.
  1577 | D:1      | 1577 ||| READING scroll labelled VECAUP LILAH.
  1581 | D:1      | 1581 ||| READING 2 scrolls of identify.
  1581 | D:1      | 1581 ||| IDENTIFYING pink potion
  1582 | D:1      | 1582 ||| DROPPING scroll of poison.
  1667 | D:2      | 1667 ||| FLEEEEING.
  1669 | D:2      | 1669 ||| FLEEEEING.
  1670 | D:2      | 1670 ||| FLEEEEING.
  1671 | D:2      | 1671 ||| FLEEEEING.
  1672 | D:2      | 1672 ||| FLEEEEING.
  1673 | D:2      | 1673 ||| FLEEEEING.
  1674 | D:2      | 1674 ||| FLEEEEING.
  1675 | D:2      | 1675 ||| FLEEEEING.
  1677 | D:2      | 1677 ||| STAIRDANCE
  1769 | D:2      | 1769 ||| INVOKING Berserk.
  1789 | D:2      | 1789 ||| STAIRDANCE
  1908 | D:2      | Reached ** piety under Trog
  2070 | D:2      | 2070 ||| Stepping ~*~*~tactically~*~*~ (stealth).
  2071 | D:2      | 2071 ||| Stepping ~*~*~tactically~*~*~ (stealth).
  2072 | D:2      | 2072 ||| Stepping ~*~*~tactically~*~*~ (stealth).
  2073 | D:2      | 2073 ||| Stepping ~*~*~tactically~*~*~ (stealth).
  2082 | D:2      | 2082 ||| INVOKING Berserk.
  2084 | D:2      | Reached skill level 6 in Axes
  2084 | D:2      | Reached XP level 4. HP: 39/39 MP: 3/3
  2160 | D:2      | 2160 ||| Stepping ~*~*~tactically~*~*~ (stealth).
  2342 | D:2      | 2342 ||| READING 2 scrolls labelled DISE ARCHUTID GYIGE.
  2342 | D:2      | Identified 2 scrolls of acquirement
  2342 | D:2      | 2342 ||| ACQUIRING +2 cloak of preservation
  2342 | D:2      | Acquired a +2 cloak of preservation
  2344 | D:2      | 2344 ||| UPGRADING to +2 cloak of preservation.
  2349 | D:2      | 2349 ||| READING scroll of acquirement.
  2349 | D:2      | 2349 ||| ACQUIRING +3 crown of Dyrovepreva {rElec Int+2
                  | SInv}
  2349 | D:2      | Acquired the +3 crown of Dyrovepreva {rElec Int+2 SInv}
  2349 | D:2      | Found the +3 crown of Dyrovepreva {rElec Int+2 SInv}
  2351 | D:2      | 2351 ||| UPGRADING to +3 crown of Dyrovepreva {rElec Int+2
                  | SInv}.
  2356 | D:2      | 2356 ||| READING 2 scrolls of identify.
  2356 | D:2      | 2356 ||| IDENTIFYING sedimented cyan potion
  2398 | D:3      | Noticed a gnoll sergeant
  2400 | D:3      | 2400 ||| INVOKING Berserk.
  2409 | D:3      | Killed a gnoll sergeant
  2410 | D:3      | Reached skill level 7 in Axes
  2410 | D:3      | Reached XP level 5. HP: 45/45 MP: 4/4
  2435 | D:3      | 2435 ||| FLEEEEING.
  2443 | D:3      | 2443 ||| STAIRDANCE
  2612 | D:3      | 2612 ||| DROPPING +0 club.
  2659 | D:3      | Noticed Terence
  2660 | D:3      | 2660 ||| INVOKING Berserk.
  2665 | D:3      | Killed Terence
  2819 | D:3      | Found a runed translucent door.
  2820 | D:3      | Noticed Crazy Yiuf
  2903 | D:3      | Noticed Grinder
  2904 | D:3      | 2904 ||| INVOKING Trog's Hand.
  2906 | D:3      | 2906 ||| INVOKING Berserk.
  2922 | D:3      | Killed Grinder
  2923 | D:3      | Reached skill level 8 in Axes
  2923 | D:3      | Reached XP level 6. HP: 53/53 MP: 5/5
  3042 | D:3      | Noticed Ijyb
  3043 | D:3      | 3043 ||| INVOKING Berserk.
  3048 | D:3      | Killed Ijyb
  3049 | D:3      | Reached skill level 9 in Axes
  3282 | D:3      | Found an ancient bone altar of Kikubaaqudgha.
  3284 | D:3      | 3284 ||| Stepping ~*~*~tactically~*~*~ (hiding).
  3288 | D:3      | 3288 ||| INVOKING Berserk.
  3414 | D:3      | 3414 ||| DROPPING +0 whip.
  3440 | D:3      | 3440 ||| Stepping ~*~*~tactically~*~*~ (stealth).
  3638 | D:3      | 3638 ||| UPGRADING to +0 chain mail.
  3648 | D:3      | 3648 ||| DROPPING +0 ring mail.
  3649 | D:3      | 3649 ||| UPGRADING to +0 pair of gloves.
  3654 | D:3      | 3654 ||| READING scroll labelled MAUCWU ELULIU.
  3655 | D:3      | 3655 ||| READING 5 scrolls of identify.
  3655 | D:3      | 3655 ||| IDENTIFYING clear potion
  3656 | D:3      | 3656 ||| READING 4 scrolls of identify.
  3656 | D:3      | 3656 ||| IDENTIFYING orange potion
  3657 | D:3      | 3657 ||| READING 3 scrolls of identify.
  3657 | D:3      | 3657 ||| IDENTIFYING fizzy blue potion
  3658 | D:3      | 3658 ||| READING 2 scrolls of identify.
  3658 | D:3      | 3658 ||| IDENTIFYING smoky grey potion
  3659 | D:3      | 3659 ||| DROPPING potion of flight.
  3660 | D:3      | 3660 ||| DROPPING potion of attraction.
  3661 | D:3      | 3661 ||| DROPPING potion of invisibility.
  3683 | D:4      | 3683 ||| Stepping ~*~*~tactically~*~*~ (stealth).
  3691 | D:4      | Reached XP level 7. HP: 41/60 MP: 6/6
  3693 | D:4      | 3693 ||| DRINKING potion of curing.
  3693 | D:4      | 3693 ||| (to cure confusion)
  3696 | D:4      | Reached skill level 3 in Armour
  3704 | D:4      | 3704 ||| STAIRDANCE
  3927 | D:4      | 3927 ||| Stepping ~*~*~tactically~*~*~ (stealth).
  3930 | D:4      | 3930 ||| Stepping ~*~*~tactically~*~*~ (stealth).
  3934 | D:4      | 3934 ||| Stepping ~*~*~tactically~*~*~ (stealth).
  3936 | D:4      | 3936 ||| Stepping ~*~*~tactically~*~*~ (stealth).
  4018 | D:4      | 4018 ||| Stepping ~*~*~tactically~*~*~ (hiding).
  4085 | D:4      | Reached *** piety under Trog
  4099 | D:4      | 4099 ||| Stepping ~*~*~tactically~*~*~ (stealth).
  4100 | D:4      | 4100 ||| Stepping ~*~*~tactically~*~*~ (stealth).
  4177 | D:4      | Reached skill level 10 in Axes
  4235 | D:4      | 4235 ||| Stepping ~*~*~tactically~*~*~ (stealth).
  4246 | D:4      | 4246 ||| Stepping ~*~*~tactically~*~*~ (stealth).
  4266 | D:4      | 4266 ||| Stepping ~*~*~tactically~*~*~ (stealth).
  4272 | D:4      | 4272 ||| Stepping ~*~*~tactically~*~*~ (stealth).
  4503 | D:4      | 4503 ||| Stepping ~*~*~tactically~*~*~ (stealth).
  4578 | D:4      | Noticed Edmund
  4585 | D:4      | 4585 ||| INVOKING Berserk.
  4594 | D:4      | Killed Edmund
  4595 | D:4      | Reached skill level 6 in Fighting
  4595 | D:4      | Reached XP level 8. HP: 71/71 MP: 7/7
  4741 | D:4      | 4741 ||| DROPPING +0 flail.
  4800 | D:4      | 4800 ||| DROPPING ring of magical power.
  4801 | D:4      | 4801 ||| READING scroll labelled GYNYKHL ZUHYPI.
  4802 | D:4      | 4802 ||| READING 4 scrolls of identify.
  4802 | D:4      | 4802 ||| IDENTIFYING blue potion
  4803 | D:4      | 4803 ||| DROPPING potion of berserk rage.
  4826 | D:5      | Entered Level 5 of the Dungeon
  4827 | D:5      | 4827 ||| PLANNING SEWER
  4844 | D:5      | Found a glowing drain.
  4858 | D:5      | 4858 ||| Stepping ~*~*~tactically~*~*~ (water).
  4891 | Sewer    | Entered a sewer
  4922 | Sewer    | Noticed Pargi
  4935 | Sewer    | Killed Pargi
  5001 | Sewer    | 5001 ||| READING scroll labelled ZIEHIN XUSECUX.
  5022 | D:5      | 5022 ||| PLANNING D:1-11
  5089 | D:5      | Reached skill level 11 in Axes
  5114 | D:5      | 5114 ||| FLEEEEING.
  5115 | D:5      | 5115 ||| FLEEEEING.
  5116 | D:5      | 5116 ||| FLEEEEING.
  5150 | D:5      | 5150 ||| Stepping ~*~*~tactically~*~*~ (stealth).
  5207 | D:5      | Found a staircase to the Ecumenical Temple.
  5214 | D:5      | 5214 ||| Stepping ~*~*~tactically~*~*~ (stealth).
  5215 | D:5      | 5215 ||| Stepping ~*~*~tactically~*~*~ (stealth).
  5216 | D:5      | 5216 ||| Stepping ~*~*~tactically~*~*~ (stealth).
  5321 | D:5      | 5321 ||| Stepping ~*~*~tactically~*~*~ (stealth).
  5323 | D:5      | 5323 ||| Stepping ~*~*~tactically~*~*~ (stealth).
  5325 | D:5      | 5325 ||| Stepping ~*~*~tactically~*~*~ (stealth).
  5343 | D:5      | 5343 ||| Stepping ~*~*~tactically~*~*~ (stealth).
  5516 | D:5      | 5516 ||| INVOKING Berserk.
  5647 | D:5      | Found a glowing golden altar of the Shining One.
  5648 | D:5      | Found a broken altar of Ashenzari.
  5648 | D:5      | Found a shadowy altar of Dithmenos.
  5649 | D:5      | Found a glowing silver altar of Zin.
  5873 | D:5      | 5873 ||| Stepping ~*~*~tactically~*~*~ (hiding).
  5882 | D:5      | 5882 ||| INVOKING Berserk.
  6073 | D:5      | 6073 ||| Stepping ~*~*~tactically~*~*~ (stealth).
  6087 | D:5      | Reached skill level 12 in Axes
  6187 | D:5      | 6187 ||| READING scroll labelled WEN GU YGAVYTO.
  6188 | D:5      | 6188 ||| READING scroll labelled VUDWUF YLEWA.
  6189 | D:5      | 6189 ||| DRINKING 3 smoky emerald potions.
  6190 | D:5      | 6190 ||| READING 4 scrolls of identify.
  6190 | D:5      | 6190 ||| IDENTIFYING bubbling orange potion
  6191 | D:5      | 6191 ||| DROPPING 2 potions of degeneration.
  6234 | D:6      | Noticed Sigmund
  6242 | D:6      | 6242 ||| INVOKING Berserk.
  6245 | D:6      | Killed Sigmund
  6417 | D:6      | Noticed Maggie
  6433 | D:6      | 6433 ||| INVOKING Berserk.
  6434 | D:6      | Killed Maggie
  6435 | D:6      | Reached XP level 9. HP: 59/81 MP: 8/8
  6608 | D:6      | 6608 ||| SWAPPING to +0 war axe.
  6609 | D:6      | 6609 ||| DROPPING +1 hand axe.
  6687 | D:6      | 6687 ||| Stepping ~*~*~tactically~*~*~ (stealth).
  6697 | D:6      | Noticed Pikel
  6698 | D:6      | 6698 ||| Stepping ~*~*~tactically~*~*~ (stealth).
  6738 | D:6      | 6738 ||| Stepping ~*~*~tactically~*~*~ (stealth).
  6739 | D:6      | 6739 ||| Stepping ~*~*~tactically~*~*~ (stealth).
  6740 | D:6      | 6740 ||| Stepping ~*~*~tactically~*~*~ (stealth).
  6767 | D:6      | 6767 ||| Stepping ~*~*~tactically~*~*~ (stealth).
  6769 | D:6      | 6769 ||| Stepping ~*~*~tactically~*~*~ (stealth).
  6800 | D:6      | 6800 ||| Stepping ~*~*~tactically~*~*~ (stealth).
  6801 | D:6      | 6801 ||| Stepping ~*~*~tactically~*~*~ (stealth).
  6805 | D:6      | 6805 ||| INVOKING Berserk.
  6812 | D:6      | Killed Pikel
  6813 | D:6      | Reached skill level 13 in Axes
  7166 | D:6      | 7166 ||| INVOKING Berserk.
  7327 | D:6      | Reached skill level 3 in Dodging
  7404 | D:6      | Noticed Blork the orc
  7405 | D:6      | 7405 ||| Stepping ~*~*~tactically~*~*~ (hiding).
  7410 | D:6      | 7410 ||| INVOKING Berserk.
  7413 | D:6      | Killed Blork the orc
  7560 | D:6      | Noticed a five-headed hydra
  7564 | D:6      | 7564 ||| SWAPPING to +1 vorpal flail.
  7565 | D:6      | 7565 ||| INVOKING Berserk.
  7568 | D:6      | Killed a five-headed hydra
  7569 | D:6      | Reached skill level 14 in Axes
  7590 | D:6      | 7590 ||| SWAPPING to +0 war axe.
  7697 | D:6      | 7697 ||| INVOKING Berserk.
  7822 | D:6      | 7822 ||| FLEEEEING.
  7824 | D:6      | 7824 ||| FLEEEEING.
  7825 | D:6      | 7825 ||| FLEEEEING.
  7878 | D:6      | 7878 ||| Stepping ~*~*~tactically~*~*~ (stealth).
  7885 | D:6      | 7885 ||| INVOKING Berserk.
  7890 | D:6      | Reached skill level 6 in Armour
  7891 | D:6      | Reached XP level 10. HP: 88/88 MP: 9/9
  7934 | D:6      | 7934 ||| UPGRADING to +0 pair of boots.
  7939 | D:6      | 7939 ||| DROPPING +0 ring mail of cold resistance.
  7940 | D:6      | 7940 ||| UPGRADING to +0 buckler.
  7945 | D:6      | 7945 ||| UPGRADING to +1 pair of gloves.
  7955 | D:6      | 7955 ||| DROPPING +0 pair of gloves.
  7956 | D:6      | 7956 ||| DROPPING amulet of faith.
  7957 | D:6      | 7957 ||| READING scroll labelled KOATIACIAK.
  7958 | D:6      | 7958 ||| READING scroll labelled FEOQ LAMYMAM.
  8024 | D:7      | Found a flagged portal.
  8133 | D:7      | 8133 ||| Stepping ~*~*~tactically~*~*~ (hiding).
  8139 | D:7      | Reached skill level 1 in Shields
  8141 | D:7      | Reached **** piety under Trog
  8195 | D:7      | You fall into a shaft and drop 1 floor!
  8203 | D:8      | Found a stormy altar of Qazlal.
  8445 | D:7      | 8445 ||| Stepping ~*~*~tactically~*~*~ (hiding).
  8488 | D:7      | 8488 ||| Stepping ~*~*~tactically~*~*~ (stealth).
  8498 | D:7      | 8498 ||| INVOKING Berserk.
  8500 | D:7      | Reached skill level 3 in Shields
  8759 | D:7      | 8759 ||| Stepping ~*~*~tactically~*~*~ (stealth).
  8987 | D:7      | 8987 ||| READING 4 scrolls of identify.
  8987 | D:7      | 8987 ||| IDENTIFYING metallic orange potion
  8988 | D:7      | 8988 ||| DROPPING potion of brilliance.
  9035 | D:8      | 9035 ||| INVOKING Berserk.
  9229 | D:8      | Found Jepp's Distillery.
  9237 | D:8      | 9237 ||| INVOKING Berserk.
  9332 | D:8      | 9332 ||| Stepping ~*~*~tactically~*~*~ (stealth).
  9345 | D:8      | Reached skill level 15 in Axes
  9347 | D:8      | 9347 ||| DROPPING +1 vorpal flail.
  9353 | D:8      | 9353 ||| BUYING potion of curing (42 gold).
  9353 | D:8      | Bought a potion of curing for 42 gold pieces
  9353 | D:8      | 9353 ||| BUYING potion of curing (42 gold).
  9353 | D:8      | Bought a potion of curing for 42 gold pieces
  9353 | D:8      | 9353 ||| BUYING potion of might (56 gold).
  9353 | D:8      | Bought a potion of might for 56 gold pieces
  9353 | D:8      | 9353 ||| BUYING potion of might (56 gold).
  9353 | D:8      | Bought a potion of might for 56 gold pieces
  9353 | D:8      | 9353 ||| BUYING potion of might (56 gold).
  9353 | D:8      | Bought a potion of might for 56 gold pieces
  9379 | D:8      | 9379 ||| Stepping ~*~*~tactically~*~*~ (stealth).
  9380 | D:8      | 9380 ||| Stepping ~*~*~tactically~*~*~ (stealth).
  9394 | D:8      | Reached skill level 9 in Fighting
  9396 | D:8      | 9396 ||| INVOKING Berserk.
  9617 | D:8      | 9617 ||| SWAPPING to +3 war axe.
  9618 | D:8      | 9618 ||| DROPPING +0 war axe.
  9877 | D:8      | 9877 ||| Stepping ~*~*~tactically~*~*~ (hiding).
  9896 | D:8      | 9896 ||| Stepping ~*~*~tactically~*~*~ (stealth).
  9908 | D:8      | 9908 ||| Stepping ~*~*~tactically~*~*~ (hiding).
  9919 | D:8      | Reached ***** piety under Trog
  9925 | D:8      | Reached skill level 16 in Axes
 10056 | D:8      | Noticed a centaur warrior
 10060 | D:8      | 10060 ||| Stepping ~*~*~tactically~*~*~ (hiding).
 10061 | D:8      | 10061 ||| Stepping ~*~*~tactically~*~*~ (hiding).
 10071 | D:8      | 10071 ||| INVOKING Berserk.
 10077 | D:8      | Killed a centaur warrior
 10078 | D:8      | Reached skill level 6 in Shields
 10078 | D:8      | Reached XP level 11. HP: 45/97 MP: 10/10
 10087 | D:8      | 10087 ||| INVOKING Brothers in Arms.
 10091 | D:8      | HP: 21/97 [vampire mosquito (6)]
 10583 | D:8      | 10583 ||| UPGRADING to amulet of regeneration.
 10588 | D:8      | 10588 ||| UPGRADING to ring of poison resistance.
 10710 | D:9      | 10710 ||| Stepping ~*~*~tactically~*~*~ (stealth).
 10713 | D:9      | 10713 ||| Stepping ~*~*~tactically~*~*~ (hiding).
 10714 | D:9      | 10714 ||| Stepping ~*~*~tactically~*~*~ (hiding).
 10718 | D:9      | 10718 ||| Stepping ~*~*~tactically~*~*~ (hiding).
 10727 | D:9      | 10727 ||| Stepping ~*~*~tactically~*~*~ (hiding).
 10731 | D:9      | 10731 ||| INVOKING Berserk.
 10833 | D:9      | Noticed a boulder beetle
 10834 | D:9      | 10834 ||| INVOKING Brothers in Arms.
 10837 | D:9      | 10837 ||| INVOKING Berserk.
 10841 | D:9      | Killed a boulder beetle
 10998 | D:9      | 10998 ||| SWAPPING to +0 broad axe.
 10999 | D:9      | 10999 ||| DROPPING +3 war axe.
 11033 | D:9      | Noticed a death yak
 11037 | D:9      | Noticed a death yak
 11038 | D:9      | 11038 ||| Stepping ~*~*~tactically~*~*~ (stealth).
 11039 | D:9      | 11039 ||| INVOKING Berserk.
 11045 | D:9      | Noticed a death yak
 11045 | D:9      | Noticed a death yak
 11048 | D:9      | Killed a death yak
 11049 | D:9      | Noticed a death yak
 11058 | D:9      | Killed a death yak
 11064 | D:9      | Killed a death yak
 11066 | D:9      | Killed a death yak
 11067 | D:9      | Reached skill level 17 in Axes
 11069 | D:9      | Killed a death yak
 11195 | D:9      | Found a staircase to the Lair.
 11622 | D:9      | 11622 ||| PLANNING LAIR
 11622 | D:9      | 11622 ||| DROPPING +1 cloak.
 11623 | D:9      | 11623 ||| DROPPING +2 cloak.
 11624 | D:9      | 11624 ||| UPGRADING to +0 plate armour.
 11634 | D:9      | 11634 ||| DROPPING +0 chain mail.
 11635 | D:9      | 11635 ||| DROPPING +6 ring of intelligence.
 11685 | Lair:1   | Entered Level 1 of the Lair of Beasts
 11686 | Lair:1   | 11686 ||| PLANNING GAUNTLET
 11823 | Lair:1   | Reached skill level 9 in Armour
 11863 | Lair:1   | 11863 ||| INVOKING Berserk.
 12134 | Lair:1   | Noticed an eight-headed hydra
 12135 | Lair:1   | 12135 ||| INVOKING Brothers in Arms.
 12136 | Lair:1   | 12136 ||| INVOKING Brothers in Arms.
 12138 | Lair:1   | 12138 ||| SWAPPING to +0 morningstar.
 12139 | Lair:1   | 12139 ||| INVOKING Berserk.
 12143 | Lair:1   | Killed an eight-headed hydra
 12145 | Lair:1   | Reached XP level 12. HP: 106/106 MP: 11/11
 12151 | Lair:1   | 12151 ||| SWAPPING to +0 broad axe.
 12164 | Lair:1   | 12164 ||| RIP GAUNTLET
 12252 | Lair:1   | 12252 ||| PLANNING LAIR
 12383 | Lair:1   | 12383 ||| Stepping ~*~*~tactically~*~*~ (stealth).
 12385 | Lair:1   | 12385 ||| INVOKING Berserk.
 12860 | Lair:2   | 12860 ||| INVOKING Berserk.
 12864 | Lair:2   | Reached skill level 18 in Axes
 12987 | Lair:2   | Noticed Erica
 12991 | Lair:2   | 12991 ||| INVOKING Berserk.
 13000 | Lair:2   | 13000 ||| DRINKING 2 potions of curing.
 13000 | Lair:2   | 13000 ||| (to cure confusion)
 13006 | Lair:2   | Killed Erica
 13020 | Lair:2   | 13020 ||| Stepping ~*~*~tactically~*~*~ (stealth).
 13073 | Lair:2   | 13073 ||| Stepping ~*~*~tactically~*~*~ (stealth).
 13075 | Lair:2   | 13075 ||| Stepping ~*~*~tactically~*~*~ (stealth).
 13076 | Lair:2   | 13076 ||| Stepping ~*~*~tactically~*~*~ (stealth).
 13208 | Lair:2   | 13208 ||| INVOKING Berserk.
 13359 | Lair:2   | 13359 ||| Stepping ~*~*~tactically~*~*~ (stealth).
 13362 | Lair:2   | 13362 ||| Stepping ~*~*~tactically~*~*~ (stealth).
 13411 | Lair:2   | Found a staircase to the Swamp.
 13433 | Lair:2   | 13433 ||| Stepping ~*~*~tactically~*~*~ (stealth).
 13492 | Lair:2   | Found a transporter.
 13496 | Lair:2   | Found a transporter.
 13497 | Lair:2   | Noticed a seven-headed hydra
 13503 | Lair:2   | Noticed qw's ghost (journeyman TrCA)
 13565 | Lair:2   | Identified the +6 flail "Paimp" {venom, SInv}
 13567 | Lair:2   | 13567 ||| DROPPING +6 flail "Paimp" {venom, SInv}.
 13607 | Lair:2   | 13607 ||| Stepping ~*~*~tactically~*~*~ (hiding).
 13636 | Lair:2   | 13636 ||| READING scroll of enchant weapon.
 13636 | Lair:2   | 13636 ||| ENCHANTING +0 broad axe.
 13729 | Lair:2   | Found a staircase to the Snake Pit.
 14241 | Lair:2   | 14241 ||| READING scroll labelled YNUKLA VUSM.
 14242 | Lair:2   | 14242 ||| READING 5 scrolls of identify.
 14242 | Lair:2   | 14242 ||| IDENTIFYING fuming yellow potion
 14243 | Lair:2   | 14243 ||| READING 4 scrolls of identify.
 14243 | Lair:2   | 14243 ||| IDENTIFYING viscous blue potion
 14244 | Lair:2   | 14244 ||| DROPPING potion of ambrosia.
 14318 | Lair:3   | 14318 ||| INVOKING Berserk.
 14321 | Lair:3   | Reached skill level 12 in Fighting
 14512 | Lair:3   | 14512 ||| Stepping ~*~*~tactically~*~*~ (stealth).
 14517 | Lair:3   | 14517 ||| Stepping ~*~*~tactically~*~*~ (stealth).
 14609 | Lair:3   | 14609 ||| INVOKING Berserk.
 14695 | Lair:3   | 14695 ||| INVOKING Berserk.
 14843 | Lair:3   | 14843 ||| Stepping ~*~*~tactically~*~*~ (hiding).
 14852 | Lair:3   | 14852 ||| Stepping ~*~*~tactically~*~*~ (stealth).
 14854 | Lair:3   | 14854 ||| Stepping ~*~*~tactically~*~*~ (stealth).
 15051 | Lair:3   | 15051 ||| READING scroll of acquirement.
 15051 | Lair:3   | 15051 ||| ACQUIRING +1 pair of gloves "Opniucyt" {Contam
                  | Str+5 SInv Stlth+}
 15051 | Lair:3   | Acquired the +1 pair of gloves "Opniucyt" {Contam Str+5
                  | SInv Stlth+}
 15053 | Lair:3   | 15053 ||| UPGRADING to +1 pair of gloves "Opniucyt" {Contam
                  | Str+5 SInv Stlth+}.
 15063 | Lair:3   | 15063 ||| DROPPING +1 pair of gloves.
 15236 | Lair:3   | 15236 ||| Stepping ~*~*~tactically~*~*~ (stealth).
 15353 | Lair:3   | 15353 ||| READING scroll labelled YREL RUTWEKUG.
 15354 | Lair:3   | 15354 ||| READING 4 scrolls of identify.
 15354 | Lair:3   | 15354 ||| IDENTIFYING black potion
 15355 | Lair:3   | 15355 ||| DROPPING potion of lignification.
 15375 | Lair:3   | 15375 ||| INVOKING Berserk.
 15517 | Lair:4   | 15517 ||| Stepping ~*~*~tactically~*~*~ (water).
 15633 | Lair:4   | Reached skill level 12 in Armour
 15655 | Lair:4   | 15655 ||| INVOKING Berserk.
 15669 | Lair:4   | Noticed a seven-headed hydra
 15673 | Lair:4   | Reached XP level 13. HP: 119/119 MP: 12/12
 16250 | Lair:4   | Found a staircase to the Slime Pits.
 16251 | Lair:4   | Found a viscous altar of Jiyva.
 16414 | Lair:5   | Entered Level 5 of the Lair of Beasts
 16415 | Lair:5   | 16415 ||| INVOKING Brothers in Arms.
 16416 | Lair:5   | 16416 ||| SWAPPING to +0 morningstar.
 16417 | Lair:5   | 16417 ||| INVOKING Berserk.
 16419 | Lair:5   | Reached skill level 1 in Throwing
 16434 | Lair:5   | 16434 ||| SWAPPING to +1 spectral broad axe.
 16542 | Lair:5   | 16542 ||| FLEEEEING.
 16543 | Lair:5   | 16543 ||| FLEEEEING.
 16548 | Lair:5   | 16548 ||| STAIRDANCE
 16652 | Lair:5   | 16652 ||| INVOKING Berserk.
 16656 | Lair:5   | Reached skill level 3 in Throwing
 16681 | Lair:5   | 16681 ||| Stepping ~*~*~tactically~*~*~ (stealth).
 16683 | Lair:5   | 16683 ||| Stepping ~*~*~tactically~*~*~ (stealth).
 16687 | Lair:5   | 16687 ||| FLEEEEING.
 16688 | Lair:5   | 16688 ||| FLEEEEING.
 16689 | Lair:5   | 16689 ||| STAIRDANCE
 16793 | Lair:5   | 16793 ||| INVOKING Berserk.
 16795 | Lair:5   | 16795 ||| STAIRDANCE
 16922 | Lair:5   | 16922 ||| Stepping ~*~*~tactically~*~*~ (stealth).
 16924 | Lair:5   | 16924 ||| INVOKING Brothers in Arms.
 16927 | Lair:5   | 16927 ||| SWAPPING to +0 morningstar.
 16928 | Lair:5   | 16928 ||| INVOKING Berserk.
 16935 | Lair:5   | 16935 ||| SWAPPING to +1 spectral broad axe.
 16957 | Lair:5   | 16957 ||| FLEEEEING.
 16958 | Lair:5   | 16958 ||| FLEEEEING.
 16959 | Lair:5   | 16959 ||| FLEEEEING.
 16960 | Lair:5   | 16960 ||| FLEEEEING.
 16961 | Lair:5   | 16961 ||| FLEEEEING.
 16964 | Lair:5   | 16964 ||| FLEEEEING.
 16965 | Lair:5   | 16965 ||| FLEEEEING.
 16993 | Lair:5   | 16993 ||| Stepping ~*~*~tactically~*~*~ (stealth).
 16999 | Lair:5   | 16999 ||| Stepping ~*~*~tactically~*~*~ (stealth).
 17001 | Lair:5   | 17001 ||| Stepping ~*~*~tactically~*~*~ (stealth).
 17003 | Lair:5   | 17003 ||| Stepping ~*~*~tactically~*~*~ (hiding).
 17013 | Lair:5   | 17013 ||| FLEEEEING.
 17014 | Lair:5   | 17014 ||| FLEEEEING.
 17015 | Lair:5   | 17015 ||| FLEEEEING.
 17016 | Lair:5   | 17016 ||| FLEEEEING.
 17017 | Lair:5   | 17017 ||| FLEEEEING.
 17018 | Lair:5   | 17018 ||| FLEEEEING.
 17019 | Lair:5   | 17019 ||| FLEEEEING.
 17020 | Lair:5   | 17020 ||| FLEEEEING.
 17021 | Lair:5   | 17021 ||| FLEEEEING.
 17022 | Lair:5   | 17022 ||| FLEEEEING.
 17023 | Lair:5   | 17023 ||| FLEEEEING.
 17024 | Lair:5   | 17024 ||| FLEEEEING.
 17025 | Lair:5   | 17025 ||| FLEEEEING.
 17026 | Lair:5   | 17026 ||| FLEEEEING.
 17027 | Lair:5   | 17027 ||| FLEEEEING.
 17028 | Lair:5   | 17028 ||| FLEEEEING.
 17029 | Lair:5   | 17029 ||| FLEEEEING.
 17061 | Lair:5   | 17061 ||| Stepping ~*~*~tactically~*~*~ (stealth).
 17244 | Lair:5   | Reached skill level 6 in Throwing
 17252 | Lair:5   | Reached skill level 9 in Shields
 17351 | Lair:5   | Identified the +7 falchion of Light {drain, Dex+4}
 17361 | Lair:5   | 17361 ||| FLEEEEING.
 17484 | Lair:5   | 17484 ||| INVOKING Berserk.
 17519 | Lair:5   | 17519 ||| FLEEEEING.
 17520 | Lair:5   | 17520 ||| FLEEEEING.
 17521 | Lair:5   | 17521 ||| STAIRDANCE
 17623 | Lair:4   | 17623 ||| READING scroll labelled OJOGESCHYILL.
 17658 | Lair:5   | 17658 ||| Stepping ~*~*~tactically~*~*~ (stealth).
 17683 | Lair:5   | 17683 ||| INVOKING Brothers in Arms.
 17685 | Lair:5   | 17685 ||| SWAPPING to +0 morningstar.
 17687 | Lair:5   | 17687 ||| INVOKING Brothers in Arms.
 17688 | Lair:5   | 17688 ||| INVOKING Berserk.
 17691 | Lair:5   | Reached skill level 6 in Dodging
 17695 | Lair:5   | 17695 ||| SWAPPING to +1 spectral broad axe.
 17734 | Lair:5   | 17734 ||| FLEEEEING.
 17759 | Lair:5   | 17759 ||| Stepping ~*~*~tactically~*~*~ (hiding).
 17760 | Lair:5   | 17760 ||| Stepping ~*~*~tactically~*~*~ (hiding).
 17763 | Lair:5   | 17763 ||| INVOKING Berserk.
 17883 | Lair:5   | 17883 ||| INVOKING Berserk.
 18228 | Lair:5   | 18228 ||| Stepping ~*~*~tactically~*~*~ (stealth).
 18246 | Lair:5   | 18246 ||| Stepping ~*~*~tactically~*~*~ (stealth).
 18249 | Lair:5   | 18249 ||| Stepping ~*~*~tactically~*~*~ (hiding).
 18250 | Lair:5   | 18250 ||| Stepping ~*~*~tactically~*~*~ (hiding).
 18252 | Lair:5   | 18252 ||| SWAPPING to +0 morningstar.
 18253 | Lair:5   | 18253 ||| INVOKING Berserk.
 18271 | Lair:5   | 18271 ||| Stepping ~*~*~tactically~*~*~ (stealth).
 18272 | Lair:5   | 18272 ||| SWAPPING to +1 spectral broad axe.
 18275 | Lair:5   | 18275 ||| Stepping ~*~*~tactically~*~*~ (stealth).
 18276 | Lair:5   | 18276 ||| Stepping ~*~*~tactically~*~*~ (stealth).
 18284 | Lair:5   | 18284 ||| Stepping ~*~*~tactically~*~*~ (stealth).
 18285 | Lair:5   | 18285 ||| Stepping ~*~*~tactically~*~*~ (stealth).
 18297 | Lair:5   | 18297 ||| Stepping ~*~*~tactically~*~*~ (stealth).
 18333 | Lair:5   | 18333 ||| Stepping ~*~*~tactically~*~*~ (stealth).
 18337 | Lair:5   | 18337 ||| Stepping ~*~*~tactically~*~*~ (stealth).
 18338 | Lair:5   | 18338 ||| Stepping ~*~*~tactically~*~*~ (stealth).
 18349 | Lair:5   | 18349 ||| Stepping ~*~*~tactically~*~*~ (stealth).
 18351 | Lair:5   | 18351 ||| Stepping ~*~*~tactically~*~*~ (stealth).
 18362 | Lair:5   | 18362 ||| Stepping ~*~*~tactically~*~*~ (stealth).
 18367 | Lair:5   | 18367 ||| Stepping ~*~*~tactically~*~*~ (hiding).
 18373 | Lair:5   | 18373 ||| INVOKING Berserk.
 18405 | Lair:5   | 18405 ||| INVOKING Brothers in Arms.
 18409 | Lair:5   | 18409 ||| SWAPPING to +0 morningstar.
 18413 | Lair:5   | 18413 ||| SWAPPING to +1 spectral broad axe.
 18424 | Lair:5   | 18424 ||| FLEEEEING.
 18425 | Lair:5   | 18425 ||| Stepping ~*~*~tactically~*~*~ (stealth).
 18426 | Lair:5   | 18426 ||| FLEEEEING.
 18427 | Lair:5   | 18427 ||| FLEEEEING.
 18429 | Lair:5   | 18429 ||| Stepping ~*~*~tactically~*~*~ (hiding).
 18545 | Lair:5   | 18545 ||| Stepping ~*~*~tactically~*~*~ (hiding).
 18559 | Lair:5   | 18559 ||| Stepping ~*~*~tactically~*~*~ (stealth).
 18561 | Lair:5   | 18561 ||| Stepping ~*~*~tactically~*~*~ (hiding).
 18753 | Lair:5   | 18753 ||| Stepping ~*~*~tactically~*~*~ (hiding).
 18776 | Lair:5   | 18776 ||| Stepping ~*~*~tactically~*~*~ (stealth).
 18839 | Lair:5   | 18839 ||| PLANNING D:1-11
 18992 | D:10     | Entered Level 10 of the Dungeon
 19251 | D:10     | 19251 ||| Stepping ~*~*~tactically~*~*~ (stealth).
 19259 | D:10     | 19259 ||| Stepping ~*~*~tactically~*~*~ (stealth).
 19357 | D:10     | Reached XP level 14. HP: 133/133 MP: 13/13
 19488 | D:10     | 19488 ||| Stepping ~*~*~tactically~*~*~ (stealth).
 19493 | D:10     | Reached skill level 15 in Fighting
 19610 | D:10     | Found a staircase to the Orcish Mines.
 20376 | D:11     | Found a portal to a secret trove of treasure.
 20860 | D:11     | 20860 ||| Stepping ~*~*~tactically~*~*~ (hiding).
 21008 | D:11     | 21008 ||| DRINKING 5 potions of curing.
 21008 | D:11     | 21008 ||| (to cure confusion)
 21090 | D:11     | 21090 ||| PLANNING D
 21170 | D:12     | 21170 ||| INVOKING Brothers in Arms.
 21171 | D:12     | 21171 ||| INVOKING Brothers in Arms.
 21172 | D:12     | 21172 ||| INVOKING Brothers in Arms.
 21173 | D:12     | 21173 ||| INVOKING Brothers in Arms.
 21174 | D:12     | 21174 ||| INVOKING Brothers in Arms.
 21175 | D:12     | 21175 ||| INVOKING Brothers in Arms.
 21176 | D:12     | 21176 ||| SWAPPING to +0 morningstar.
 21177 | D:12     | 21177 ||| INVOKING Berserk.
 21183 | D:12     | 21183 ||| SWAPPING to +1 spectral broad axe.
 21347 | D:12     | 21347 ||| READING scroll of enchant armour.
 21347 | D:12     | 21347 ||| ENCHANTING +0 pair of boots.
 21367 | D:12     | Found Hemeug's Armour Shoppe.
 21398 | D:12     | 21398 ||| INVOKING Berserk.
 21413 | D:12     | 21413 ||| SWAPPING to +0 morningstar.
 21418 | D:12     | 21418 ||| SWAPPING to +1 spectral broad axe.
 21813 | D:12     | 21813 ||| READING scroll of enchant weapon.
 21813 | D:12     | 21813 ||| ENCHANTING +1 spectral broad axe.
 21972 | D:12     | 21972 ||| DROPPING +1 pair of boots.
 22011 | D:13     | 22011 ||| Stepping ~*~*~tactically~*~*~ (hiding).
 22016 | D:13     | 22016 ||| Stepping ~*~*~tactically~*~*~ (hiding).
 22134 | D:13     | 22134 ||| Stepping ~*~*~tactically~*~*~ (stealth).
 22136 | D:13     | 22136 ||| Stepping ~*~*~tactically~*~*~ (stealth).
 22137 | D:13     | 22137 ||| INVOKING Berserk.
 22243 | D:13     | 22243 ||| Stepping ~*~*~tactically~*~*~ (hiding).
 22290 | D:13     | 22290 ||| INVOKING Berserk.
 22441 | D:13     | 22441 ||| Stepping ~*~*~tactically~*~*~ (hiding).
 22576 | D:13     | Found a gate to the Vaults.
 22577 | D:13     | 22577 ||| Stepping ~*~*~tactically~*~*~ (stealth).
 22590 | D:13     | 22590 ||| FLEEEEING.
 22591 | D:13     | 22591 ||| FLEEEEING.
 22592 | D:13     | 22592 ||| FLEEEEING.
 22593 | D:13     | 22593 ||| FLEEEEING.
 22594 | D:13     | 22594 ||| FLEEEEING.
 22595 | D:13     | 22595 ||| FLEEEEING.
 22596 | D:13     | 22596 ||| FLEEEEING.
 22597 | D:13     | 22597 ||| FLEEEEING.
 22772 | D:13     | Noticed Maurice
 22777 | D:13     | Killed Maurice
 22782 | D:13     | Noticed Sonja
 22783 | D:13     | 22783 ||| Stepping ~*~*~tactically~*~*~ (hiding).
 22797 | D:13     | 22797 ||| Stepping ~*~*~tactically~*~*~ (hiding).
 22805 | D:13     | 22805 ||| INVOKING Brothers in Arms.
 22806 | D:13     | 22806 ||| SWAPPING to +0 morningstar.
 22807 | D:13     | 22807 ||| INVOKING Berserk.
 22816 | D:13     | Killed Sonja
 22825 | D:13     | 22825 ||| SWAPPING to +2 spectral broad axe.
 22926 | D:13     | 22926 ||| Stepping ~*~*~tactically~*~*~ (stealth).
 22927 | D:13     | 22927 ||| Stepping ~*~*~tactically~*~*~ (stealth).
 22931 | D:13     | Reached skill level 15 in Armour
 22931 | D:13     | 22931 ||| Stepping ~*~*~tactically~*~*~ (stealth).
 22953 | D:13     | 22953 ||| Stepping ~*~*~tactically~*~*~ (stealth).
 22959 | D:13     | 22959 ||| INVOKING Berserk.
 23038 | D:13     | 23038 ||| Stepping ~*~*~tactically~*~*~ (hiding).
 23041 | D:13     | 23041 ||| INVOKING Berserk.
 23160 | D:13     | Found Afuk's Weapon Boutique.
 23166 | D:13     | 23166 ||| BUYING +1 morningstar of protection (188 gold).
 23166 | D:13     | Bought a +1 morningstar of protection for 188 gold pieces
 23166 | D:13     | 23166 ||| BUYING +2 hand axe of flaming (278 gold).
 23166 | D:13     | Bought a +2 hand axe of flaming for 278 gold pieces
 23166 | D:13     | 23166 ||| DROPPING +0 morningstar.
 23167 | D:13     | 23167 ||| DROPPING +1 morningstar of protection.
 23197 | D:13     | Noticed Kirke
 23198 | D:13     | 23198 ||| Stepping ~*~*~tactically~*~*~ (stealth).
 23200 | D:13     | 23200 ||| Stepping ~*~*~tactically~*~*~ (stealth).
 23211 | D:13     | 23211 ||| INVOKING Trog's Hand.
 23212 | D:13     | 23212 ||| INVOKING Berserk.
 23216 | D:13     | Killed Kirke
 23396 | D:13     | 23396 ||| Stepping ~*~*~tactically~*~*~ (stealth).
 23548 | D:13     | 23548 ||| UPGRADING to +0 kite shield.
 23558 | D:13     | 23558 ||| DROPPING +0 buckler.
 23597 | D:14     | 23597 ||| READING scroll of enchant armour.
 23597 | D:14     | 23597 ||| ENCHANTING +1 pair of boots.
 23654 | D:14     | 23654 ||| Stepping ~*~*~tactically~*~*~ (hiding).
 23933 | D:14     | 23933 ||| INVOKING Berserk.
 23947 | D:14     | Reached XP level 15. HP: 145/145 MP: 14/14
 23979 | D:14     | 23979 ||| INVOKING Trog's Hand.
 23999 | D:14     | 23999 ||| SWAPPING to +2 hand axe of flaming.
 24005 | D:14     | 24005 ||| SWAPPING to +2 spectral broad axe.
 24017 | D:14     | Identified Roxanne's Reference Book on the Ground
 24017 | D:14     | Noticed Roxanne
 24020 | D:14     | 24020 ||| INVOKING Berserk.
 24029 | D:14     | Killed Roxanne
 24158 | D:14     | 24158 ||| INVOKING Berserk.
 24515 | D:15     | Entered Level 15 of the Dungeon
 24518 | D:15     | 24518 ||| SWAPPING to +2 hand axe of flaming.
 24521 | D:15     | 24521 ||| STAIRDANCE
 24525 | D:14     | Reached skill level 12 in Shields
 24525 | D:14     | 24525 ||| SWAPPING to +2 spectral broad axe.
 24541 | D:15     | 24541 ||| STAIRDANCE
 24702 | D:15     | 24702 ||| Stepping ~*~*~tactically~*~*~ (cloud).
 24707 | D:15     | 24707 ||| Stepping randomly (cloudy).
 24708 | D:15     | 24708 ||| Stepping ~*~*~tactically~*~*~ (cloud).
 24712 | D:15     | 24712 ||| Stepping ~*~*~tactically~*~*~ (cloud).
 24756 | D:15     | 24756 ||| Stepping ~*~*~tactically~*~*~ (hiding).
 24973 | D:15     | 24973 ||| INVOKING Berserk.
 25102 | D:15     | 25102 ||| Stepping ~*~*~tactically~*~*~ (hiding).
 25103 | D:15     | 25103 ||| INVOKING Trog's Hand.
 25134 | D:15     | 25134 ||| FLEEEEING.
 25135 | D:15     | 25135 ||| FLEEEEING.
 25137 | D:15     | 25137 ||| FLEEEEING.
 25137 | D:15     | Found a staircase to the Depths.
 25138 | D:15     | 25138 ||| FLEEEEING.
 25216 | D:15     | Found a hazy altar of Hepliaklqana.
 25331 | D:15     | 25331 ||| FLEEEEING.
 25332 | D:15     | 25332 ||| FLEEEEING.
 25337 | D:15     | 25337 ||| FLEEEEING.
 25338 | D:15     | 25338 ||| FLEEEEING.
 25339 | D:15     | 25339 ||| FLEEEEING.
 25651 | D:15     | 25651 ||| PLANNING ORC
 25786 | Orc:1    | Entered Level 1 of the Orcish Mines
 25793 | Orc:1    | 25793 ||| Stepping ~*~*~tactically~*~*~ (hiding).
 25794 | Orc:1    | 25794 ||| INVOKING Berserk.
 26195 | Orc:2    | Entered Level 2 of the Orcish Mines
 26196 | Orc:2    | 26196 ||| INVOKING Trog's Hand.
 26200 | Orc:2    | 26200 ||| INVOKING Berserk.
 26397 | Orc:2    | 26397 ||| Stepping ~*~*~tactically~*~*~ (stealth).
 26401 | Orc:2    | 26401 ||| Stepping ~*~*~tactically~*~*~ (stealth).
 26409 | Orc:2    | 26409 ||| Stepping ~*~*~tactically~*~*~ (hiding).
 26414 | Orc:2    | 26414 ||| Stepping ~*~*~tactically~*~*~ (hiding).
 26416 | Orc:2    | 26416 ||| Stepping ~*~*~tactically~*~*~ (hiding).
 26417 | Orc:2    | 26417 ||| Stepping ~*~*~tactically~*~*~ (hiding).
 26418 | Orc:2    | 26418 ||| Stepping ~*~*~tactically~*~*~ (hiding).
 26548 | Orc:2    | Found a staircase to the Elven Halls.
 26585 | Orc:2    | Found Anaamux's CLEARANCE SALE!.
 26658 | Orc:2    | Found Peituif's General Store.
 26661 | Orc:2    | Found Faff's Distillery.
 26662 | Orc:2    | 26662 ||| INVOKING Berserk.
 26728 | Orc:2    | 26728 ||| Stepping ~*~*~tactically~*~*~ (hiding).
 26733 | Orc:2    | 26733 ||| Stepping ~*~*~tactically~*~*~ (hiding).
 26777 | Orc:2    | 26777 ||| BUYING scroll of identify (28 gold).
 26777 | Orc:2    | Bought a scroll of identify for 28 gold pieces
 26779 | Orc:2    | 26779 ||| BUYING 2 potions of haste (340 gold).
 26779 | Orc:2    | Bought 2 potions of haste for 340 gold pieces
 26779 | Orc:2    | 26779 ||| BUYING potion of curing (51 gold).
 26779 | Orc:2    | Bought a potion of curing for 51 gold pieces
 26786 | Orc:2    | Noticed Nessos
 26787 | Orc:2    | 26787 ||| INVOKING Brothers in Arms.
 26805 | Orc:2    | 26805 ||| Stepping ~*~*~tactically~*~*~ (hiding).
 26806 | Orc:2    | 26806 ||| Stepping ~*~*~tactically~*~*~ (hiding).
 26834 | Orc:2    | 26834 ||| Stepping ~*~*~tactically~*~*~ (hiding).
 26836 | Orc:2    | 26836 ||| INVOKING Trog's Hand.
 26837 | Orc:2    | 26837 ||| INVOKING Berserk.
 26994 | Orc:2    | 26994 ||| Stepping ~*~*~tactically~*~*~ (hiding).
 27004 | Orc:2    | 27004 ||| Stepping ~*~*~tactically~*~*~ (stealth).
 27010 | Orc:2    | 27010 ||| INVOKING Brothers in Arms.
 27022 | Orc:2    | 27022 ||| DRINKING 7 potions of curing.
 27022 | Orc:2    | 27022 ||| (to cure confusion)
 27024 | Orc:2    | 27024 ||| INVOKING Brothers in Arms.
 27039 | Orc:2    | Killed Nessos
 27200 | Orc:2    | 27200 ||| Stepping ~*~*~tactically~*~*~ (hiding).
 27208 | Orc:2    | 27208 ||| INVOKING Berserk.
 27215 | Orc:2    | Reached skill level 15 in Shields
 27321 | Orc:2    | 27321 ||| Stepping ~*~*~tactically~*~*~ (hiding).
 27350 | Orc:2    | 27350 ||| INVOKING Berserk.
 27374 | Orc:2    | 27374 ||| INVOKING Trog's Hand.
 27375 | Orc:2    | 27375 ||| INVOKING Brothers in Arms.
 27375 | Orc:2    | HP: 28/147 [orc knight/+0 halberd (12)]
 27376 | Orc:2    | 27376 ||| READING 10 scrolls of teleportation.
 27376 | Orc:2    | HP: 9/147 [orc high priest/divine providence (16)]
 27376 | Orc:2    | Demolished by an orc knight

Levels and vault maps discovered:
D:1:      heliophobic_arrival_enchanted_forest, layout_loops_ring, minmay_tall_x
D:2:      layout_basic, minmay_misc_feat_roman
D:3:      layout_basic, kiku_gazebo_garden_becter, uniq_grinder,
          uniq_crazy_yiuf_cottage, uniq_ijyb, uniq_terence
D:4:      minmay_razor_zed, layout_cave_pools, uniq_edmund
D:5:      layout_basic, chequers_temple_overflow_statue_of_worship,
          minmay_temple_entry_slanted, cheibrodos_sewer_entry_bend
D:6:      cheibrodos_two_vegetables, layout_cave_pools, uniq_pikel, uniq_maggie,
          uniq_sigmund, uniq_blork_the_orc
D:7:      nicolae_BIG_FREAKIN_CUBE, layout_loops_cross, enter_bailey_2
D:8:      minmay_slanted_spiral_squares, layout_loops_ring,
          mainiacjoe_overflow_tiny_flanked, serial_shops, nicolae_lakefront_shop
D:9:      layout_long_grid, dpeg_lair_monsters
D:10:     wander_river, layout_stronghold, orc_0_dummy
D:11:     layout_irregular_city, nicolae_trove_entry_free_sample,
          serial_co_window_serial, co_window_paths_b, co_window_corner_a,
          co_window_paths_a, co_window_paths_b, co_window_of_opportunity_a,
          co_window_paths_a, co_window_unsneaky_path_a, co_window_2corner,
          co_window_cross_3, co_window_corner_ca, co_window_paths_e,
          co_window_4corner_a, glass_columns_a, glass_columns_c,
          glass_columns_b, kennysheep_generic_room_3
D:12:     layout_irregular_city, serial_shops, nicolae_shop_advertising_works
          [nicolae_subvault_shop_adworks]
D:13:     layout_loops_cross, erik_vaults_2, serial_shops,
          nicolae_shop_bloodbath_and_beyond, uniq_maurice, uniq_kirke,
          uniq_sonja
D:14:     layout_long_grid, patterned_corridor, uniq_roxanne
D:15:     hangedman_depths_entry_civil_slaughter, layout_small_grid,
          serial_bayou, serial_bayou_pond_d, serial_bayou_pond_c,
          serial_bayou_pond_c, serial_bayou_lagoon_a, nzn_hepliaklqana_mist_gate
Lair:1:   layout_cave_pods, gauntlet_entry_generic, infiniplex_staircase_pool,
          serial_bayou_shore_b, lemuel_fruit_tree
Lair:2:   layout_cave_pods, swamp_mist_pool, minmay_snake_entry_guardpost_small,
          nzn_ghost_randoct, serial_bayou_crossing, serial_bayou_shore_b,
          uniq_erica
Lair:3:   layout_regular_city, st_stairs_10, chequers_serial_rivers_micro_b,
          minivault_11, beast_lair_carwin_6, grunt_megastairs_3
Lair:4:   layout_regular_city, minmay_slime_entry_jelly_boxes,
          infiniplex_staircase_pool_2
Lair:5:   hangedman_lair_caniforms_friends, layout_regular_city
Orc:1:    layout_diamond_mine
Orc:2:    pf_orc_diabolical, layout_diamond_mine, nicolae_shop_clearance,
          uniq_nessos

Skill      XL: |  1  2  3  4  5  6  7  8  9 10 11 12 13 14 15 |
---------------+----------------------------------------------+-----
Axes           | 4 5 6 7 8 9 10 12 14 16 17 18 | 18.0
Fighting       | 4 6 7 8 9 10 12 14 16 17 | 17.0
Armour         | 4 5 6 7 9 12 13 15 | 15.0
Dodging        | 3 4 5 6 7 |  7.1
Shields        | 6 8 9 10 15 | 15.1
Throwing       | 6 7 |  7.0

Action                   |  1- 3 |  4- 6 |  7- 9 | 10-12 | 13-15 || total
-------------------------+-------+-------+-------+-------+-------++-------
Melee: Hand axe          |    97 |    99 |   266 |       |     6 ||   468
       Punch             |     1 |     1 |     5 |       |       ||     7
       Headbutt          |    10 |    13 |    47 |   112 |   173 ||   355
       War axe           |       |       |    79 |   208 |       ||   287
       Flail             |       |       |     3 |       |       ||     3
       Broad axe         |       |       |       |   281 |   680 ||   961
       Morningstar       |       |       |       |     4 |    43 ||    47
Throw: Boomerang         |       |       |    13 |       |     2 ||    15
       Javelin           |       |       |       |       |    99 ||    99
Invok: Berserk           |     4 |     5 |    11 |    19 |    28 ||    67
       Trog's Hand       |       |     1 |       |       |     6 ||     7
       Brothers in Arms  |       |       |       |     3 |    11 ||    14
  Use: Scroll            |     5 |     8 |     6 |    10 |     5 ||    34
       Potion            |       |       |     2 |     1 |     2 ||     5
 Stab: Distracted        |       |       |       |       |    13 ||    13
Armor: Animal skin       |     2 |       |       |       |       ||     2
       Ring mail         |     6 |    37 |       |       |       ||    43
       Chain mail        |       |     6 |   136 |   118 |       ||   260
       Plate armour      |       |       |       |   121 |   348 ||   469
Dodge: Dodged            |    49 |    31 |   101 |   158 |   193 ||   532
Block: Buckler           |       |       |       |    80 |   115 ||   195
       Kite shield       |       |       |       |       |   105 ||   105

Table legend:
 A = Non-vault XP
 B = Vault XP
 C = Vault XP percentage of total XP
 D = Non-vault monster count
 E = Vault monster count
 F = Vault count percentage of total count
                 A         B        C        D         E       F
            +---------+---------+-------+---------+---------+-------
      Total |   83862 |   53452 |  38.9 |     475 |     226 |  32.2
            +---------+---------+-------+---------+---------+-------
        D:1 |      44 |       5 |  10.2 |      24 |       4 |  14.3
        D:2 |      66 |       0 |   0.0 |      14 |       0 |   0.0
        D:3 |     234 |     353 |  60.1 |      29 |       3 |   9.4
        D:4 |     409 |     448 |  52.3 |      28 |      15 |  34.9
        D:5 |     696 |      10 |   1.4 |      20 |       2 |   9.1
        D:6 |     464 |    2675 |  85.2 |      12 |      13 |  52.0
        D:7 |     849 |       0 |   0.0 |      20 |       0 |   0.0
        D:8 |    3126 |    3244 |  50.9 |      29 |      17 |  37.0
        D:9 |    1691 |    4890 |  74.3 |      23 |       9 |  28.1
       D:10 |    2297 |       0 |   0.0 |      15 |       0 |   0.0
       D:11 |    3457 |     225 |   6.1 |      15 |       1 |   6.2
       D:12 |    6969 |       0 |   0.0 |      25 |       0 |   0.0
       D:13 |   14112 |   10250 |  42.1 |      29 |      15 |  34.1
       D:14 |    9339 |    1444 |  13.4 |      19 |       1 |   5.0
       D:15 |    5846 |    4560 |  43.8 |      15 |       6 |  28.6
     Lair:1 |    2910 |       0 |   0.0 |      13 |       0 |   0.0
     Lair:2 |    6705 |    1307 |  16.3 |      23 |       4 |  14.8
     Lair:3 |    2628 |    2448 |  48.2 |      10 |       7 |  41.2
     Lair:4 |    6080 |     600 |   9.0 |      22 |      14 |  38.9
     Lair:5 |   10669 |   10587 |  49.8 |      39 |      56 |  58.9
      Orc:1 |    1356 |       0 |   0.0 |      13 |       0 |   0.0
      Orc:2 |    3915 |   10273 |  72.4 |      38 |      56 |  59.6
      Sewer |       0 |     133 | 100.0 |       0 |       3 | 100.0
            +---------+---------+-------+---------+---------+-------
